PL
D.C. DIVIDED @ PANAMA CITY PIRANHAS
08/24/2030
 
TOP OF THE 1ST
D.C. Divided batting - Pitching for Panama City Piranhas : LHP Charles Dobson
Pitching: LHP Charles Dobson
Batting: RHB Roberto Maestas 0-0: SINGLE (Line Drive, 6M)
Batting: RHB Tony Romero 0-0: Called Strike
0-1: DOUBLE (Groundball, 3L)
Roberto Maestas to third
Batting: RHB Arturo Rodríguez 0-0: Ball
1-0: Swinging Strike
1-1: Ball
2-1: Ball
3-1: Ground out 5-3 (Groundball, 56)
Roberto Maestas scores
Batting: RHB Wilbur Davis 0-0: Ball
1-0: Ball
2-0: Foul Ball, location: 2F
2-1: Foul Ball, location: 2F
2-2: Ball
3-2: SINGLE (Flyball, 6MD)
Tony Romero to third
Runner from 3rd tries for Home, SAFE, no throw
Batting: RHB Mario Castillo 0-0: Ball
1-0: 2-RUN HOME RUN (Flyball, 7LD), Distance : 344 ft
Batting: LHB Obidiah Lewis 0-0: Called Strike
0-1: Foul Ball, location: 2F
0-2: Fly out, F6 (Line Drive, 6M)
Batting: RHB Julián Salcido 0-0: Ball
1-0: Swinging Strike
1-1: Ball
2-1: Fly out, F3 (Popup, 3F)
Top of the 1st over - 4 runs, 4 hits, 0 errors, 0 left on base; D.C. 4 - Panama City 0
BOTTOM OF THE 1ST
Panama City Piranhas batting - Pitching for D.C. Divided : RHP Ji Jing
Pitching: RHP Ji Jing
Batting: RHB Juan Jose Ayala 0-0: SINGLE (Line Drive, 78S)
Batting: RHB Baldomero Avino 0-0: Ball
Juan Jose Ayala steals 2nd base
1-0: Called Strike
1-1: Ball
Juan Jose Ayala steals 3rd base
2-1: Foul Ball, location: 2F
2-2: Ball
3-2: Strikes out swinging
Batting: RHB Tommy Jones 0-0: Called Strike
0-1: Ball
1-1: Called Strike
1-2: Ball
2-2: Ball
3-2: Foul Ball, location: 2F
3-2: Strikes out swinging
Batting: RHB Andy Putman 0-0: Foul Ball, location: 2F
0-1: Ball
1-1: Ball
2-1: Foul Ball, location: 2F
2-2: Fly out, F9 (Flyball, 9S)
Bottom of the 1st over - 0 runs, 1 hit, 0 errors, 1 left on base; D.C. 4 - Panama City 0
TOP OF THE 2ND
D.C. Divided batting - Pitching for Panama City Piranhas : LHP Charles Dobson
Batting: LHB Neil Lawson 0-0: Ball
1-0: Ground out 1-3 (Groundball, 13)
Batting: RHB Nick Boyd 0-0: Called Strike
0-1: Fly out, F9 (Flyball, 89D)
Batting: RHB Roberto Maestas 0-0: Ball
1-0: Swinging Strike
1-1: Called Strike
1-2: Strikes out swinging
Top of the 2nd over - 0 runs, 0 hits, 0 errors, 0 left on base; D.C. 4 - Panama City 0
BOTTOM OF THE 2ND
Panama City Piranhas batting - Pitching for D.C. Divided : RHP Ji Jing
Batting: RHB Peter Heard 0-0: SINGLE (Line Drive, 7S)
Batting: LHB José Ruíz 0-0: Foul Ball, location: 2F
0-1: Foul Ball, location: 2F
0-2: Strikes out swinging
Batting: RHB Fernando Silva 0-0: Called Strike
0-1: Called Strike
0-2: Ball
1-2: Foul Ball, location: 2F
1-2: Ball
2-2: Ball
3-2: SINGLE (Groundball, 56D)
Peter Heard to second
Batting: RHB Ted Cook 0-0: Ball
1-0: Fielders Choice at 2nd, 4-6 (Groundball, 4M)
Peter Heard to third
Batting: RHB Micah Coffey 0-0: Called Strike
0-1: Ground out 4-3 (Groundball, 4M)
Bottom of the 2nd over - 0 runs, 2 hits, 0 errors, 2 left on base; D.C. 4 - Panama City 0
TOP OF THE 3RD
D.C. Divided batting - Pitching for Panama City Piranhas : LHP Charles Dobson
Batting: RHB Tony Romero 0-0: Ball
1-0: SINGLE (Groundball, 6D)
Batting: RHB Arturo Rodríguez 0-0: Called Strike
0-1: Swinging Strike
0-2: Strikes out swinging
Batting: RHB Wilbur Davis 0-0: Called Strike
0-1: Ball
1-1: Fielders Choice at 2nd, 6-4 (Groundball, 6)
Batting: RHB Mario Castillo 0-0: Fly out, F8 (Flyball, 89XD)
Top of the 3rd over - 0 runs, 1 hit, 0 errors, 1 left on base; D.C. 4 - Panama City 0
BOTTOM OF THE 3RD
Panama City Piranhas batting - Pitching for D.C. Divided : RHP Ji Jing
Batting: RHB Juan Jose Ayala 0-0: Ball
1-0: Ball
2-0: Called Strike
2-1: Ball
3-1: Foul Ball, location: 2F
3-2: Base on Balls
Batting: RHB Baldomero Avino 0-0: DOUBLE (Line Drive, 78M)
Juan Jose Ayala to third
Runner from 3rd tries for Home, SAFE, no throw
Pitching: RHP Roberto Silva
Batting: RHB Tommy Jones 0-0: Fly out, F6 (Line Drive, 6)
Batting: RHB Andy Putman 0-0: Called Strike
0-1: Ball
1-1: Ball
2-1: Foul Ball, location: 2F
2-2: Foul Ball, location: 2F
2-2: Fly out, F8 (Flyball, 8LM)
Batting: RHB Peter Heard 0-0: Ground out 6-3 (Groundball, 56)
Bottom of the 3rd over - 1 run, 1 hit, 0 errors, 1 left on base; D.C. 4 - Panama City 1
TOP OF THE 4TH
D.C. Divided batting - Pitching for Panama City Piranhas : LHP Charles Dobson
Batting: LHB Obidiah Lewis 0-0: Ball
1-0: Ball
2-0: Called Strike
2-1: Swinging Strike
2-2: Ground out 4-3 (Groundball, 4)
Batting: RHB Julián Salcido 0-0: Called Strike
0-1: Ball
1-1: Ball
2-1: Swinging Strike
2-2: Strikes out swinging
Batting: LHB Neil Lawson 0-0: Ball
1-0: Ball
2-0: Ground out U3 (Groundball, 3L)
Top of the 4th over - 0 runs, 0 hits, 0 errors, 0 left on base; D.C. 4 - Panama City 1
BOTTOM OF THE 4TH
Panama City Piranhas batting - Pitching for D.C. Divided : RHP Roberto Silva
Batting: LHB José Ruíz 0-0: Ball
1-0: Fly out, F8 (Flyball, 8RXD)
Batting: RHB Fernando Silva 0-0: Ball
1-0: Called Strike
1-1: SINGLE (Groundball, 25) (infield hit)
Batting: RHB Ted Cook 0-0: Ball
1-0: Ball
2-0: Called Strike
2-1: Swinging Strike
2-2: Strikes out swinging
Batting: RHB Micah Coffey 0-0: Ball
Throwing error on steal attempt, E2
Fernando Silva to third
1-0: Ball
2-0: Foul Ball, location: 2F
2-1: Ball
3-1: Ground out U3 (Groundball, 34S)
Bottom of the 4th over - 0 runs, 1 hit, 1 error, 1 left on base; D.C. 4 - Panama City 1
TOP OF THE 5TH
D.C. Divided batting - Pitching for Panama City Piranhas : LHP Charles Dobson
Batting: RHB Nick Boyd 0-0: Called Strike
0-1: Ball
1-1: Ball
2-1: Foul Ball, location: 2F
2-2: Foul Ball, location: 2F
2-2: Foul Ball, location: 2F
2-2: Foul Ball, location: 2F
2-2: Ball
3-2: Fly out, F9 (Flyball, 89M)
Batting: RHB Roberto Maestas 0-0: Ball
1-0: Called Strike
1-1: Swinging Strike
1-2: Reached on error, E5 (Groundball, 56S)
Batting: RHB Tony Romero 0-0: Called Strike
0-1: Called Strike
0-2: Ball
1-2: Strikes out swinging
Batting: RHB Arturo Rodríguez 0-0: Called Strike
0-1: Ball
1-1: 2-RUN HOME RUN (Flyball, 78XD), Distance : 400 ft
Batting: RHB Wilbur Davis 0-0: Ball
1-0: Foul Ball, location: 2F
1-1: Swinging Strike
1-2: Ball
2-2: SINGLE (Line Drive, 6MD)
Pitching: LHP Alfonso Zapata
Batting: RHB Mario Castillo 0-0: Called Strike
0-1: Swinging Strike
0-2: Strikes out looking
Top of the 5th over - 2 runs, 2 hits, 1 error, 1 left on base; D.C. 6 - Panama City 1
BOTTOM OF THE 5TH
Panama City Piranhas batting - Pitching for D.C. Divided : RHP Roberto Silva
Pitching: RHP Jon Dunn
Batting: RHB Juan Jose Ayala 0-0: Ball
1-0: Ball
2-0: Called Strike
2-1: Foul Ball, location: 2F
2-2: Ball
3-2: Ground out 5-3 (Groundball, 56)
Batting: RHB Baldomero Avino 0-0: Ball
1-0: Foul Ball, location: 2F
1-1: Swinging Strike
1-2: Fly out, F8 (Flyball, 8LS)
Batting: RHB Tommy Jones 0-0: Called Strike
0-1: Foul Ball, location: 2F
0-2: Ball
1-2: Ground out 6-3 (Groundball, 6)
Bottom of the 5th over - 0 runs, 0 hits, 0 errors, 0 left on base; D.C. 6 - Panama City 1
TOP OF THE 6TH
D.C. Divided batting - Pitching for Panama City Piranhas : LHP Alfonso Zapata
Batting: LHB Obidiah Lewis 0-0: Ball
1-0: SINGLE (Groundball, 4D)
Batting: RHB Julián Salcido 0-0: Ball
1-0: Swinging Strike
1-1: Ball
2-1: Fielders Choice at 2nd, 5-4 (Groundball, 56)
Batting: LHB Neil Lawson 0-0: Ball
Julián Salcido steals 2nd base
1-0: Ground out 4-3 (Groundball, 34D)
Julián Salcido to third
Batting: RHB Nick Boyd 0-0: Ball
1-0: SINGLE (Groundball, 4MD)
Julián Salcido scores
Batting: RHB Roberto Maestas 0-0: Foul Ball, location: 2F
0-1: Ball
1-1: Swinging Strike
1-2: Foul Ball, location: 2F
1-2: Fly out, F7 (Flyball, 7LD)
Top of the 6th over - 1 run, 2 hits, 0 errors, 1 left on base; D.C. 7 - Panama City 1
BOTTOM OF THE 6TH
Panama City Piranhas batting - Pitching for D.C. Divided : RHP Jon Dunn
Batting: RHB Andy Putman 0-0: Ball
1-0: Called Strike
1-1: Called Strike
1-2: Foul Ball, location: 2F
1-2: Fly out, F9 (Flyball, 89M)
Batting: RHB Peter Heard 0-0: Called Strike
0-1: Ball
1-1: Foul Ball, location: 2F
1-2: Ball
2-2: SINGLE (Groundball, 56) (infield hit)
Batting: LHB José Ruíz 0-0: Ball
1-0: Foul Ball, location: 2F
1-1: Ball
2-1: Ball
Balk!
Peter Heard to second
3-1: Ground out 4-3 (Groundball, 4M)
Peter Heard to third
Batting: RHB Fernando Silva 0-0: Ball
1-0: Swinging Strike
1-1: Ball
2-1: Ball
3-1: Foul Ball, location: 2F
3-2: Fly out, F4 (Popup, 3S)
Bottom of the 6th over - 0 runs, 1 hit, 0 errors, 1 left on base; D.C. 7 - Panama City 1
TOP OF THE 7TH
D.C. Divided batting - Pitching for Panama City Piranhas : LHP Alfonso Zapata
Batting: RHB Tony Romero 0-0: Ball
1-0: Swinging Strike
1-1: SINGLE (Groundball, 34D)
Batting: RHB Arturo Rodríguez 0-0: SINGLE (Flyball, 78S)
Tony Romero to second
Batting: RHB Wilbur Davis 0-0: Ball
1-0: Called Strike
1-1: Ball
2-1: Foul Ball, location: 2F
2-2: Ball
3-2: Fielders Choice at 2nd, 5-4 (Groundball, 56)
Tony Romero to third
Batting: RHB Mario Castillo 0-0: Called Strike
0-1: Called Strike
0-2: Ball
1-2: Foul Ball, location: 2F
1-2: Strikes out swinging
Batting: LHB Obidiah Lewis 0-0: Called Strike
0-1: Called Strike
0-2: Foul Ball, location: 2F
0-2: Ball
1-2: Ball
2-2: Foul Ball, location: 2F
2-2: Foul Ball, location: 2F
2-2: Strikes out swinging
Top of the 7th over - 0 runs, 2 hits, 0 errors, 2 left on base; D.C. 7 - Panama City 1
BOTTOM OF THE 7TH
Panama City Piranhas batting - Pitching for D.C. Divided : RHP Jon Dunn
Batting: RHB Ted Cook 0-0: Ball
1-0: Foul Ball, location: 2F
1-1: Ball
2-1: Called Strike
2-2: Ground out 6-3 (Groundball, 56D)
Batting: RHB Micah Coffey 0-0: Called Strike
0-1: Ball
1-1: Ball
2-1: Ball
3-1: Base on Balls
Batting: RHB Juan Jose Ayala 0-0: Ball
1-0: Called Strike
Throwing error on steal attempt, E2
Micah Coffey to third
1-1: Swinging Strike
1-2: Ball
2-2: SINGLE (Groundball, 56S) (infield hit)
Micah Coffey scores
Batting: RHB Baldomero Avino 0-0: Fly out, F8 (Line Drive, 78XD)
Batting: RHB Tommy Jones 0-0: Ball
1-0: Called Strike
Juan Jose Ayala steals 2nd base
1-1: Swinging Strike
1-2: Foul Ball, location: 2F
1-2: Ball
2-2: SINGLE (Line Drive, 78S)
Juan Jose Ayala to third
Runner from 3rd tries for Home, SAFE, no throw
Pitching: RHP Baker Mayfield
Batting: RHB Andy Putman 0-0: Swinging Strike
0-1: Fly out, F5 (Popup, 15S)
Bottom of the 7th over - 2 runs, 2 hits, 1 error, 1 left on base; D.C. 7 - Panama City 3
TOP OF THE 8TH
D.C. Divided batting - Pitching for Panama City Piranhas : LHP Alfonso Zapata
Batting: RHB Julián Salcido 0-0: Ball
1-0: Ball
2-0: Called Strike
2-1: Ball
3-1: Fly out, F8 (Flyball, 8RM)
Batting: LHB Neil Lawson 0-0: Ball
1-0: Ball
2-0: Called Strike
2-1: Ball
3-1: Foul Ball, location: 2F
3-2: Strikes out swinging
Batting: RHB Nick Boyd 0-0: Foul Ball, location: 2F
0-1: Fly out, F9 (Line Drive, 89S)
Top of the 8th over - 0 runs, 0 hits, 0 errors, 0 left on base; D.C. 7 - Panama City 3
BOTTOM OF THE 8TH
Panama City Piranhas batting - Pitching for D.C. Divided : RHP Baker Mayfield
Batting: RHB Peter Heard 0-0: Swinging Strike
0-1: SINGLE (Line Drive, 56D)
Batting: LHB José Ruíz 0-0: Ball
1-0: Ball
2-0: Ball
3-0: Called Strike
3-1: Swinging Strike
3-2: Foul Ball, location: 2F
3-2: Ground out 6-3 (Groundball, 6MS)
Peter Heard to second
Batting: RHB Fernando Silva 0-0: Called Strike
0-1: Ground out 6-3 (Groundball, 56)
Batting: RHB Ted Cook 0-0: Ball
1-0: Called Strike
1-1: Ball
2-1: Ball
3-1: Base on Balls
Batting: RHB Micah Coffey 0-0: Fly out, F7 (Line Drive, 78M)
Bottom of the 8th over - 0 runs, 1 hit, 0 errors, 2 left on base; D.C. 7 - Panama City 3
TOP OF THE 9TH
D.C. Divided batting - Pitching for Panama City Piranhas : LHP Alfonso Zapata
Batting: RHB Roberto Maestas 0-0: Ball
1-0: Swinging Strike
1-1: Ball
2-1: SINGLE (Groundball, 56D)
Batting: RHB Tony Romero 0-0: Sac Bunt - play at first, batter OUT! 5-3
Roberto Maestas to second
Batting: RHB Arturo Rodríguez 0-0: Ball
1-0: Called Strike
1-1: Ball
2-1: Called Strike
2-2: Foul Ball, location: 2F
2-2: Ball
3-2: Fly out, F7 (Flyball, 7)
Batting: RHB Wilbur Davis 0-0: Ball
1-0: Ball
2-0: Fly out, F9 (Flyball, 89S)
Top of the 9th over - 0 runs, 1 hit, 0 errors, 1 left on base; D.C. 7 - Panama City 3
BOTTOM OF THE 9TH
Panama City Piranhas batting - Pitching for D.C. Divided : RHP Baker Mayfield
Pitching: RHP Denver Milne
Batting: RHB Juan Jose Ayala 0-0: Foul Ball, location: 2F
0-1: Ball
1-1: Ball
2-1: Ground out 4-3 (Groundball, 34)
Batting: RHB Baldomero Avino 0-0: Called Strike
0-1: Ball
1-1: Foul Ball, location: 2F
1-2: Strikes out looking
Batting: RHB Tommy Jones 0-0: Ball
1-0: Ball
2-0: Foul Ball, location: 2F
2-1: Ball
3-1: Base on Balls
Batting: RHB Andy Putman 0-0: Called Strike
0-1: Ball
1-1: Ball
2-1: Ball
3-1: Fly out, F9 (Flyball, 9S)
Bottom of the 9th over - 0 runs, 0 hits, 0 errors, 1 left on base; D.C. 7 - Panama City 3
Sunday, March 18th, 2018 - OOTP Baseball 18.8 Build 76